 Dungeon Crawl Stone Soup version 0.20-a0-809-gaf7f668 (console) character file.

154 nht the Spear-Bearer (level 5, 0/41 HPs)
             Began as a Merfolk Gladiator on Mar 3, 2017.
             Slain by a river rat (4 damage)
             ... summoned by Eustachio
             ... on level 4 of the Dungeon.
             The game lasted 00:02:55 (2953 turns).

nht the Spear-Bearer (Merfolk Gladiator)            Turns: 2953, Time: 00:02:56

Health: 0/41       AC:  4    Str: 15    XL:     5   Next: 36%
Magic:  5/5        EV: 12    Int:  8    God:
Gold:   175        SH:  0    Dex: 15    Spells: 4/4 levels left

rFire    + . .     SeeInvis .   a - +0 trident
rCold    . . .     Gourm    .   b - +0 leather armour
rNeg     . . .     Faith    .   (no shield)
rPois    .         Spirit   .   c - +0 helmet
rElec    .         Reflect  .   (no cloak)
rCorr    .         Harm     .   (no gloves)
MR       .....                  (no boots)
Stlth    +.........             (no amulet)
Regen    0.2/turn               (no ring)
MPRegen  0.1/turn               (no ring)

@: heavily drained
A: change form in water, swift swim, stealthy swim, claws 1, fire resistance 1,
robust 1
a: no special abilities


You were on level 4 of the Dungeon.
You were hungry.

You visited 1 branch of the dungeon, and saw 4 of its levels.

You collected 175 gold pieces.

Inventory:

Hand Weapons
 a - a +0 trident (weapon)
Missiles
 d - 3 throwing nets (quivered)
 g - 18 poisoned needles
Armour
 b - a +0 leather armour (worn)
 c - a +0 helmet (worn)
Wands
 s - a wand of polymorph (18/24)
Scrolls
 e - a scroll of immolation {unknown}
 h - a scroll of noise {unknown}
 i - a scroll of enchant weapon {unknown}
 k - 3 scrolls of blinking {unknown}
 l - 3 scrolls of amnesia {unknown}
 m - 5 scrolls of teleportation {unknown}
 o - a scroll of identify {unknown}
Potions
 q - 2 potions of curing
Books
 j - a book of Maledictions

   Spells                             Type                      Level
   a - Corona                         Hexes                        1
   b - Ensorcelled Hibernation        Hexes/Ice                    2
   c - Confuse                        Hexes                        3
   d - Tukima's Dance                 Hexes                        3
   e - Dazzling Spray                 Conjuration/Hexes            3
Comestibles
 f - 6 bread rations
 n - 6 chunks of flesh
 t - a royal jelly


   Skills:
 - Level 2.1(0.6) Fighting
 + Level 8.5(6.7) Polearms
 - Level 2.0(0.4) Throwing
 - Level 4.0(2.4) Dodging


You had 4 spell levels left.
You didn't know any spells.

Dungeon Overview and Level Annotations

Branches:
Dungeon (4/15)
 Temple: D:4-7

Altars:
Hepliaklqana
Nemelex Xobeh
Qazlal
Vehumet
The Shining One

Annotations:
D:4 Eustachio


Innate Abilities, Weirdness & Mutations

You revert to your normal form in water.
You are very nimble and swift while swimming.
You are very stealthy in the water. (Stealth+)
You have sharp fingernails.
Your flesh is heat resistant. (rF+)
You are robust. (+10% HP)


Message History

The quasit misses you. The quasit barely misses you.
The river rat closely misses you. The quokka bites you. The bat hits you.
The quasit barely misses you. x3; The river rat bites you!
The bat hits you but does no damage. The quasit bites you.
The quasit misses you.
The quasit claws you but does no damage.
You barely miss Eustachio.
Eustachio is severely wounded.
The bat barely misses you. x2; Eustachio hits you with a falchion.
* * * LOW HITPOINT WARNING * * *
The river rat bites you!
* * * LOW HITPOINT WARNING * * *
The quasit barely misses you.
The quasit claws you but does no damage. x2
You barely miss Eustachio.
Eustachio is severely wounded.
The bat hits you but does no damage. The bat barely misses you.
Eustachio mumbles some strange words.
The river rat bites you.
You die... █.. █.█ █.█ █.█ █.█ █ █████████

█)█ █.█
........█
█.████55.█
█.███.rr@b)█.█
█..<..b.5@5..█
███████████.██
█


You could see Eustachio, a quasit, a crimson imp, a river rat, 2 shadow imps, a
quokka and 2 bats.

Vanquished Creatures
  2 gnolls (D:1)
  7 adders
  An ooze (D:2)
  2 worms (D:3)
  3 dart slugs
  A leopard gecko (D:1)
  An orc (D:3)
  A ball python (D:1)
  2 giant cockroaches
  3 goblins (D:1)
  5 hobgoblins
  2 jackals (D:3)
  8 kobolds
  A quokka (D:2)
  6 bats
  2 frilled lizards (D:3)
  9 rats
56 creatures vanquished.

Notes
Turn   | Place    | Note
-------+----------+-------------------------------------------
     0 | D:1      | nht the Merfolk Gladiator began the quest for the Orb.
     0 | D:1      | Reached XP level 1. HP: 16/16 MP: 1/1
   147 | D:1      | Reached skill level 5 in Polearms
   147 | D:1      | Reached XP level 2. HP: 7/22 MP: 2/2
   372 | D:1      | Reached skill level 6 in Polearms
   372 | D:1      | Reached XP level 3. HP: 23/27 MP: 3/3
  1299 | D:2      | Found a sparkling altar of Nemelex Xobeh.
  1319 | D:2      | Reached XP level 4. HP: 8/33 MP: 4/4
  1323 | D:2      | Reached skill level 7 in Polearms
  1444 | D:2      | Found a stormy altar of Qazlal.
  1446 | D:2      | Noticed an air elemental
  1447 | D:2      | Noticed a water elemental
  1447 | D:2      | Noticed an earth elemental
  1447 | D:2      | Noticed a fire elemental
  2178 | D:3      | Found a radiant altar of Vehumet.
  2199 | D:3      | Found a glowing golden altar of the Shining One.
  2250 | D:3      | Reached skill level 8 in Polearms
  2250 | D:3      | Reached XP level 5. HP: 25/38 MP: 5/5
  2850 | D:3      | Found a hazy altar of Hepliaklqana.
  2925 | D:4      | Noticed Eustachio
  2928 | D:4      | Gained mutation: You are robust. (+10% HP) [potion of mutation]
  2928 | D:4      | Gained mutation: Your flesh is heat resistant. (rF+) [potion of mutation]
  2928 | D:4      | Gained mutation: You have sharp fingernails. [potion of mutation]
  2953 | D:4      | Slain by a river rat

Vault maps used:
D:1:      doesnt_arrival_goblin_jail, serial_forest,
          infiniplex_forest_clump_cross, infiniplex_forest_lined_room_2,
          infiniplex_forest_lined_ring, infiniplex_forest_lined_corner,
          infiniplex_forest_clump_cross, infiniplex_forest_lined_2,
          infiniplex_forest_zigzag_1
D:2:      nicolae_qazlal_style_of_elements, lemuel_crystal_altar
D:3:      marbit_many_paths, grunt_temple_overflow_open
D:4:      uniq_eustachio

Skill      XL: |  1  2  3  4 |
---------------+-------------+-----
Polearms       | 5 6 8 |  8.5
Fighting       | |  2.1
Throwing       | |  2.0
Dodging        | |  4.0

Action                   |  1- 3 |  4- 6 || total
-------------------------+-------+-------++-------
Melee: Trident           |    76 |   140 ||   216
  Use: Potion            |       |     5 ||     5
 Stab: Sleeping          |     2 |     3 ||     5
  Eat: Chunk             |     1 |     5 ||     6
Armor: Leather armour    |    11 |    44 ||    55
Dodge: Dodged            |    44 |   130 ||   174
